Cogmind - Beta 14 @@@ ROGUE MODE // 2025.04.26 @ 02:26:02 Player: Zonalar Result: Destroyed by as-40206 with Assembled Blade Performance ------------- Evolutions (0) 0 Regions Visited (2) 400 Robots Destroyed (35) 175 Value Destroyed (787) 787 Prototype IDs (3) 60 Alien Tech Used (0) 0 Bonus (0) 0 TOTAL SCORE: 1422 Bonus ------- None Cogmind --------- Core Integrity 0/250 Matter 258/300 Energy 159/250 System Corruption 6% Temperature Critical (510) Movement Walking (120) Location -10/Mines Parts ------- > --- POWER (1) -------- Ion Engine > --- PROPULSION (2) --- Aluminum Leg Aluminum Leg > --- UTILITY (2) ------ Terrain Scan Processor Weapon Shielding > --- WEAPON (2) ------- Particle Cannon Particle Cannon > --- INVENTORY (5) ---- Small Storage Unit Visual Processing Unit Improved Terrain Scanner Seismic Detector Grenade Launcher Peak State ------------ > --- POWER ------------ Light Ion Engine > --- PROPULSION ------- Aluminum Leg Aluminum Leg > --- UTILITY ---------- Improved Terrain Scanner Terrain Scan Processor > --- WEAPON ----------- Particle Cannon Particle Cannon > --- INVENTORY -------- Flight Unit Improved Heat Sink Structural Scanner Seismic Detector Datajack [Rating: 12] Favorites ----------- Power Ion Engine Engine Ion Engine Propulsion Wheel Treads Light Treads Leg Aluminum Leg Wheel Wheel Hover Unit Backup Propulsion I Flight Unit Flight Unit Utility Improved Terrain Scanner Device Improved Terrain Scanner Storage Small Matter Pod Processor Terrain Scan Processor Protection Weapon Shielding Weapon Particle Cannon Energy Gun Medium Laser Energy Cannon Particle Cannon Ballistic Gun Light Assault Rifle Ballistic Cannon Light Cannon Launcher Grenade Launcher Special Weapon Mining Laser Special Melee Weapon Datajack Build | -11 -10 -10 ------- Run | Yrd Mat Min Slots Evolved . | . . . Power . | . . . Propulsion . | . . . Utility . | . . . Weapon . | . . . Parts Attached 82 | 16 63 3 Power 9 | 2 7 . Engine 9 | 2 7 . Core . | . . . Reactor . | . . . Propulsion 17 | 4 13 . Treads 1 | . 1 . Leg 7 | 1 6 . Wheel 8 | 3 5 . Hover . | . . . Flight 1 | . 1 . Utility 21 | 5 15 1 Device 15 | 3 12 . Storage 4 | 2 2 . Processor 1 | . 1 . Hackware . | . . . Protection 1 | . . 1 Artifact . | . . . Weapon 35 | 5 28 2 Energy Gun 8 | 3 5 . Energy Cannon 9 | . 8 1 Ballistic Gun 2 | . 2 . Ballistic Cannon 1 | . 1 . Launcher 3 | . 3 . Special Weapon 6 | 2 4 . Impact Weapon . | . . . Slashing Weapon . | . . . Piercing Weapon . | . . . Special Melee Weapon 6 | . 5 1 Unidentified Prototypes . | . . . Parts Lost 13 | . 13 . Power 2 | . 2 . Propulsion 6 | . 6 . Utility . | . . . Weapon 5 | . 5 . Highest Loss Streak 4 | . 4 . To Critical Strikes . | . . . Average Slot Usage (%) 95 | . 95 100 Engine 13 | . 13 14 Treads 1 | . 1 . Leg 15 | . 15 28 Wheel 3 | . 3 . Hover 2 | . 2 . Flight 2 | . 2 . Device 12 | . 12 . Storage 2 | . 2 9 Processor 12 | . 12 14 Energy Gun 4 | . 4 . Energy Cannon 12 | . 12 25 Ballistic Gun 3 | . 3 . Launcher 1 | . 1 . Special Weapon 1 | . 1 . Special Melee Weapon 3 | . 3 2 Peak Build Rating 12 | 9 12 11 Average Rating 8 | 7 10 10 On Entrance 6 | . 9 11 Naked Turns . | . . . Heaviest Build 49 | 10 49 18 Greatest Support 20 | 20 20 20 Greatest Overweight (x) 4 | . 4 . Average Overweight (x) . | . . . Largest Inventory Capacity 20 | 5 20 8 Average Capacity 5 | 5 6 7 Most Carried 10 | 5 10 8 Average Carried 4 | 3 5 7 Final Capacity 8 | 5 8 5 Final Carried 8 | 5 8 5 Class Distribution -------------------- 90% | Scavenger-Mutant 9% | Mutant Dominant Class ---------------- Scavenger-Mutant | -10/Materials Scavenger-Mutant | -10/Mines Resources | -11 -10 -10 ----------- Run | Yrd Mat Min Matter Collected 1152 | 368 784 . Remotely . | . . . Salvage Created 976 | 109 805 62 Parts 63 | 15 48 . Haulers Intercepted 1 | . 1 . Recyclers Shooed 2 | . 2 . Parts Field Recycled . | . . . Retrieved Matter . | . . . Parts Self-Destructed . | . . . Prevented . | . . . Kills | -11 -10 -10 ------- Run | Yrd Mat Min Combat Hostiles Destroyed 22 | 1 17 4 Guns 9 | 1 8 . Cannons 8 | . 4 4 AOE 5 | . 5 . Classes Destroyed 8 | 3 4 1 Worker 5 | 1 4 . Tunneler 6 | 4 2 . Hauler 1 | . 1 . Recycler 1 | . 1 . Operator 2 | . 2 . Watcher 2 | . 2 . Grunt 18 | 1 17 . Assembled 4 | . . 4 Best Kill Streak 4 | 1 4 4 Combat Bots Only 4 | 1 3 4 Max Kills in Single Turn 2 | 1 2 2 Gunslinging 1 | . 1 . Exploded 1 | . 1 . Melee . | . . . Uniques/NPCs Destroyed . | . . . Combat | -11 -10 -10 -------- Run | Yrd Mat Min Hostile Shots Fired 148 | 5 125 18 Missed 48 | . 39 9 Damage Taken 1504 | 55 1221 228 Core 252 | . 222 30 Absorbed by Shields . | . . . Redirected to Shielding 15 | . . 15 Regen/Repaired (Parts) 17 | . 17 . Core Remaining (%) 100 | 100 . . Volleys Fired 184 | 55 121 8 Largest 2 | 2 2 2 Hottest 150 | 150 150 136 Shots Fired 276 | 68 192 16 Gun 149 | 26 123 . Cannon 61 | . 45 16 Launcher 13 | . 13 . Special 53 | 42 11 . Kinetic 31 | . 31 . Thermal 225 | 68 141 16 Explosive 13 | . 13 . Electromagnetic 7 | . 7 . Robot Hit Streak 10 | 6 10 4 Robot Miss Streak 7 | 1 6 7 Penetration Max . | . . . Secondary Targets 1 | . 1 . Max Gunslinging Chain 1 | . 1 . Shots Hit Robots 147 | 14 126 7 Core Hits 63 | 7 52 4 Critical Kills . | . . . Critical Parts Destroyed 1 | . 1 . Critical Strikes 7 | 1 6 . Burn 5 | 1 4 . Destroy 1 | . 1 . Corrupt 1 | . 1 . Melee Attacks 18 | . 16 2 Impact . | . . . Slashing . | . . . Piercing . | . . . Sneak Attacks 14 | . 12 2 Combat Hostiles . | . . . Follow-up Attacks . | . . . Damage Inflicted 2184 | 169 1911 104 Guns 952 | 169 783 . Cannons 533 | . 429 104 Explosions 627 | . 627 . Melee . | . . . Ramming . | . . . Kinetic 179 | . 179 . Thermal 1324 | 169 1051 104 Explosive 627 | . 627 . Electromagnetic 54 | . 54 . Impact . | . . . Slashing . | . . . Piercing . | . . . Highest Corruption 6 | . 6 6 Average Corruption 5 | . 5 6 Corruption Purged . | . . . Corruption Blocked . | . . . Effects 46 | . 43 3 Message Errors 12 | . 11 1 Matter Fused 9 | . 9 . Heat Flow Errors 3 | . 3 . Energy Discharges 7 | . 5 2 Parts Rejected 1 | . 1 . Data Loss (minor) 11 | . 11 . Misfires 2 | . 2 . Weapon Failures 1 | . 1 . Overload Shots . | . . . Overflow Damage 16 | . 16 . Projectiles 10 | . 10 . Explosions 6 | . 6 . Melee . | . . . Knockbacks . | . . . Impact . | . . . Kinetic . | . . . Secondary . | . . . Self-Inflicted Damage 28 | . 28 . Shots 3 | . 3 . Rammed . | . . . Targets Rammed . | . . . Kicked . | . . . Crushed . | . . . Highest Temperature 510 | 200 364 510 Average Temperature 90 | 79 87 246 Received Heat Transfer 579 | 30 549 . Effects 1 | . 1 . Energy Bleed 1 | . 1 . Siege Activations . | . . . Robots Corrupted . | . . . Combat Hostiles . | . . . Parts Fried . | . . . Impact Corruptions . | . . . Robots Melted . | . . . Combat Hostiles . | . . . Parts Melted 9 | 2 7 . Heat Transferred 3357 | 532 2640 185 Parts Sabotaged . | . . . Parts Stolen . | . . . Parts Stripped . | . . . Power Chain Reactions . | . . . Alert | -11 -10 -10 ------- Run | Yrd Mat Min Peak Influence 207 | 25 207 20 Initial 5 | . . 5 Average 50 | 9 83 12 Maximum Alert Level 1 | . 1 . Low Security (%) 97 | 100 94 100 Level 1 2 | . 5 . Level 2 . | . . . Level 3 . | . . . Level 4 . | . . . Level 5 . | . . . High Security . | . . . Max Security . | . . . Squads Dispatched 5 | . 5 . Investigation 3 | . 3 . Extermination . | . . . Reinforcement 2 | . 2 . Assault . | . . . Garrison . | . . . Intercept . | . . . Searches Triggered . | . . . Construction Impeded . | . . . Haulers Reinforced . | . . . Active Scanning Responses . | . . . Cargo Convoy Interrupts . | . . . Stealth | -11 -10 -10 --------- Run | Yrd Mat Min Distress Signals 2 | . 2 . Communications Jammed . | . . . Distress Signals . | . . . Times Spotted 41 | 1 31 9 Peak Tracking Total 9 | 1 7 9 Tactical Retreats 1 | . 1 . Traps | -11 -10 -10 ------- Run | Yrd Mat Min Traps Triggered 3 | . 3 . Indirectly . | . . . Trap Hack Attempts . | . . . Triggered . | . . . Disarmed . | . . . Reprogrammed 6 | . 6 . Reused 2 | . 2 . Traps Extracted . | . . . Installed . | . . . Triggered 2 | . 2 . Machines | -11 -10 -10 ---------- Run | Yrd Mat Min Machines Disabled 3 | . 3 . Max in Single Turn 2 | . 2 . Machines Repaired . | . . . Machines Dismantled . | . . . Machines Sabotaged . | . . . Overloaded Fab Kills . | . . . Hacking | -11 -10 -10 --------- Run | Yrd Mat Min Machines Accessed 9 | . 9 . Terminals 6 | . 6 . Fabricators . | . . . Repair Stations 1 | . 1 . Recycling Units 2 | . 2 . Scanalyzers . | . . . Garrison Access . | . . . Total Hacks 41 | . 41 . Successful 24 | . 24 . Failed 17 | . 17 . Catastrophic 3 | . 3 . Database Lockouts . | . . . Manual 2 | . 2 . Terminals 29 | . 29 . Fabricators . | . . . Repair Stations 5 | . 5 . Recycling Units 7 | . 7 . Scanalyzers . | . . . Garrison Access . | . . . Terminal Hacks 16 | . 16 . Record 8 | . 8 . Prototype ID Bank 1 | . 1 . Emergency Access Points 1 | . 1 . Alert Level 2 | . 2 . Unreport Threat 1 | . 1 . Reprogram Traps 1 | . 1 . Dispatch Records 1 | . 1 . Hauler Manifests 1 | . 1 . Fabricator Hacks . | . . . Repair Station Hacks 3 | . 3 . Scan Component 1 | . 1 . Repair 1 | . 1 . Refit 1 | . 1 . Recycling Unit Hacks 5 | . 5 . Recycle Component 1 | . 1 . Process 1 | . 1 . Report Inventory 2 | . 2 . Retrieve Components 1 | . 1 . Scanalyzer . | . . . Garrison Access Hacks . | . . . Unauthorized Hacks . | . . . Terminals . | . . . Fabricators . | . . . Repair Stations . | . . . Recycling Units . | . . . Scanalyzers . | . . . Garrison Access . | . . . Data Cores Recovered . | . . . Used . | . . . Hacking Detections 9 | . 9 . Full Trace Events 7 | . 7 . Feedback Events 1 | . 1 . Corruption 1 | . 1 . Feedback Blocked . | . . . Robot Schematics Acquired . | . . . Robots Built . | . . . Authchips . | . . . Time . | . . . Total Robot Build Rating . | . . . Part Schematics Acquired . | . . . Parts Built . | . . . Authchips . | . . . Time . | . . . Total Part Build Rating . | . . . Parts Repaired 1 | . 1 . Time 26 | . 26 . Parts Recycled 1 | . 1 . Recycled Matter 148 | . 148 . Retrieved Matter . | . . . Retrieved Components 9 | . 9 . Parts Scanalyzed . | . . . Part Schematics Acquired . | . . . Parts Damaged . | . . . Bothacking | -11 -10 -10 ------------ Run | Yrd Mat Min Used RIF Installer . | . . . Robots Hacked 6 | . 5 1 Non-combat 6 | . 5 1 Combat . | . . . Robot Hacks Applied 10 | . 9 1 parse_system 7 | . 6 1 no_distress 2 | . 2 . find_recycling 1 | . 1 . Relay Couplers Released . | . . . Fabnet Peak Effective % . | . . . Robots Rewired . | . . . Allies Hacked . | . . . Hacks Repelled . | . . . Allies | -11 -10 -10 -------- Run | Yrd Mat Min Total Allies . | . . . Largest Group . | . . . Highest-Rated Group . | . . . Highest-Rated Ally . | . . . Total Orders . | . . . Ally Attacks . | . . . Total Damage . | . . . Kills . | . . . Allies Corrupted . | . . . Allies Melted . | . . . Intel | -11 -10 -10 ------- Run | Yrd Mat Min Robot Analysis Total . | . . . Derelict Logs Recovered . | . . . Drone Launches . | . . . Drone Recoveries . | . . . Exploration | -11 -10 -10 ------------- Run | Yrd Mat Min Turns Passed 3246 | 1365 1817 64 Spaces Moved 1785 | 724 1033 28 Core 43 | 24 19 . Treads 80 | . 80 . Legs 712 | 2 682 28 Wheels 790 | 698 92 . Hover 160 | . 160 . Flight . | . . . Fastest Speed 50 | 50 80 120 Average Speed 107 | 79 127 120 Slowest Speed 200 | 120 200 120 Overloaded Moves . | . . . Propulsion Burnouts . | . . . Robots Hopped . | . . . Cave-ins Triggered 1 | . 1 . Exploration Rate (%) 47 | 31 99 13 Regions Visited 2 Branch Regions 1 Pre-discovered Areas . | . . . Known Exits Taken . | . . . Unknown Exits Taken 2 | 1 1 . Scrap Searched . | . . . Spaces Dug 24 | 23 1 . Terrain Destroyed 56 | 25 31 . Melee . | . . . Projectile 27 | 25 2 . AOE 29 | . 29 . Terrain Rammed . | . . . Walls Destroyed . | . . . Machines Disabled . | . . . Actions | -11 -10 -10 --------- Run | Yrd Mat Min Total 2720 | 1363 1316 41 Wait 561 | 543 18 . Move 1783 | 723 1032 28 Hop . | . . . Pick Up 56 | 19 37 . Fast Attach 10 | . 10 . Attach 20 | 7 13 . Detach . | . . . Swap 52 | 9 40 3 Drop 36 | 7 29 . Fire 184 | 55 121 8 Melee 18 | . 16 2 Ram . | . . . Kick . | . . . Crush . | . . . Escape Stasis . | . . . Rewire . | . . . Trap . | . . . Miscellaneous . | . . . Route ------- -11/Scrapyard -10/Materials (discovered 6 exits: [*Mat x3] / [*Min x2] / [*Sub]) -10/Mines History --------- Turn | Location | Event 2 | -11/Scrapyard | Met Revision 17 76 | -11/Scrapyard | Discovered new exit (range 8) 1366 | -11/Scrapyard | Entered Materials 1395 | -10/Materials | Build established: Scavenger-Mutant 1537 | -10/Materials | Crushed by falling debris 1568 | -10/Materials | Lost 3 parts (2n1w) 1608 | -10/Materials | Discovered new exit (range 8) 1673 | -10/Materials | Core integrity fell below 50% 1697 | -10/Materials | Lost 4 parts (2n2w) 1877 | -10/Materials | Discovered new exit (range 4) 1880 | -10/Materials | Repaired Flight Unit? 1981 | -10/Materials | Discovered new exit (range 14) 2032 | -10/Materials | Discovered new exit (range 10) 2159 | -10/Materials | Core integrity fell below 20% 2644 | -10/Materials | Discovered new exit (range 5) 2948 | -10/Materials | Discovered new exit (range 11) 3183 | -10/Materials | Entered Mines 3184 | -10/Mines | Assembled infested the area 3247 | -10/Mines | Destroyed by as-40206 with Assembled Blade Last Messages --------------- 03190_ K-01 Serf collects debris. 03194_ Sneak attack on K-01 Serf. 03194_ Jacked K-01 Serf... >>parse_system Reading system data... 03195_ K-01 Serf collects debris. 03214_ System corrupted: Energy discharge (-62). 03226_ K-01 Serf collects debris. 03226_ as-93378 destroyed. 03231_ K-01 Serf collects debris. 03231_ as-50636 destroyed. 03232_ K-01 Serf collects debris. 03234_ as-41915 destroyed. 03234_ as-88058 destroyed. 03235_ System corrupted: Energy discharge (-61). [Achievement: First Step to Greatness] The achievement interface (ESC then open Records) offers an effective way to explore all of your earned achievements as well as seek out new goals for future runs. Map ----- +----------------------------------------------------+ | | | | | | | | | | | | | | | | | | | | | | | | | | | ?????????????????????????????????????????? | | ?????????????????????????????????????????? | | ???????????????????????????????##########? | | ??????????????????????#####????# #? | | ?????????????????????## ##??# #? | | ?????????????????????# #### """ #? | | ?????????????????????# """ #? | | ?????????????????????## #### """ #? | | ????????????###""######## ##?# #? | | ????????????# X ### ### #? | | ????????????# ## ## #? | | ????????????# a##| ## #? | | ????????????# aaa@/ ## #? | | ????????????# #### ## #? | | ????????????## ##??# ###########? | | ?????????????##### !#???## #?????????? | | ?????????????????####|#????? #????????? | | ????????????????????#%#????? #???????? | | ????????????????????#*#????? #???????? | | ????????????????????#%?????? ##???????? | | ????????????????????# ?????? ##????????? | | ????????????????????? ??????####?????????? | | ????????????????????? ???????????????????? | | ????????????????????? ???????????????????? | | ????????????????????? ???????????????????? | | ????????????????????? ???????????????????? | | ?????????????????????????????????????????? | | ?????????????????????????????????????????? | | ?????????????????????????????????????????? | | ?????????????????????????????????????????? | | ?????????????????????????????????????????? | | ?????????????????????????????????????????? | | ?????????????????????????????????????????? | | ?????????????????????????????????????????? | | ?????????????????????????????????????????? | | ?????????????????????????????????????????? | | ?????????????????????????????????????????? | +----------------------------------------------------+ Best States ------------- Heat Dissipation 39 Energy Generation 10 Energy Capacity 250 Matter Stores 350 Matter Capacity 350 Sight Range 16 Terrain Scan Range 16 Terrain Scan Density 85 Weapon Shielding 33 Evasion (%) 55 Recoil Reduction 1 Item Schematics ----------------- None Robot Schematics ------------------ None Fabricated ------------ Nothing Alien Tech Used ----------------- None Achievements -------------- Crack Shot Everything Is Under Control First Step to Greatness Loot Pinata One Hack Too Far Part-time Mechanic Shopping List Storm Trooper Uninvited Guest Unlikely Earthworm Challenges ------------ None Game ------ Seed IonicFortressRay Manual? 0 Play Time 02:38:37 Cumulative 2.6 hours Start 2025.04.25 @ 22:40:47 End 2025.04.26 @ 02:26:02 Sessions 1 Manual Loads 0 Difficulty Rogue Special Mode None Game No. 1 Rogue 1 Adventurer 0 Explorer 0 Win Type - Total 0 Types 0/0/0/0/0/0/0/0/0 Lore% 0 Gallery% 3 Achievement% 3 Wizard Run 0 Options --------- Layout 1 ASCII 0 Keyboard 0 Movement Mouse Keybinds 0 Fullscreen 2 Font 32/SmallcapsGlow Map View 50x35 Zoom Use 3% Tactical HUD 1 Map Filters NONE Filters NONE Steam 1 RUN: a3acbf1a-db22-470c-871a-1b88e514497c